Map: Prion Terraces

Players

NoobSmasher - Winner!

  • Race: Protoss Protoss
  • League: Gold

WarHammer

  • Race: Terran Terran

VOD

Have the link to the VOD?

Description

Time

  • Played on: Dec. 5, 2015, 11:07 a.m.
  • Length: 12:22
Show
View Real Time Build Order
Export as new Build Order

NoobSmasher Protoss - Winner!

Build Orders:  

Get SALT Encoding   

  12  0:01  Probe (Chrono Boost)  
  13  0:12  Probe (Chrono Boost)  
  14  0:18  Pylon  
  14  0:22  Probe (Chrono Boost)  
  15  0:36  Probe (Chrono Boost)  
  15  0:38  Gateway  
  16  0:46  Probe (Chrono Boost)  
  17  0:52  Assimilator  
  17  1:00  Gateway  
  17  1:02  Probe (Chrono Boost)  
  18  1:12  Probe (Chrono Boost)  
  18  1:18  Pylon  
  19  1:23  Probe (Chrono Boost)  
  20  1:32  Cybernetics Core  
  20  1:33  Probe (Chrono Boost)  
  20  1:39  Zealot (Chrono Boost)  
  24  1:49  Probe  
  24  1:50  Zealot (Chrono Boost)  
  26  1:54  Assimilator  
  26  2:05  Pylon  
  26  2:08  Warp Gate (Chrono Boost)  
  26  2:12  Adept (Chrono Boost)  
  28  2:17  Adept (Chrono Boost)  
  30  3:04  Nexus  
  30  3:07  Mothership Core  
  32  3:17  Robotics Facility  
  32  3:29  Probe  
  33  3:41  Probe  
  32  3:49  Gateway  
  32  3:51  Forge  
  32  3:54  Probe  
  33  4:00  Stalker x2  
  37  4:05  Observer  
  37  4:09  Pylon  
  32  4:25  Probe  
  32  4:26  Probe  
  34  4:32  Protoss Ground Armor Level 1 (Chrono Boost)  
  34  4:34  Adept x2  
  38  4:40  Probe  
  38  4:42  Probe  
  40  4:46  Adept  
  42  4:56  Observer, Robotics Bay  
  42  4:58  Probe  
  42  4:59  Probe  
  45  5:14  Probe  
  45  5:15  Probe  
  45  5:17  Adept x3  
  53  5:25  Probe  
  53  5:27  Probe  
  55  5:30  Pylon  
  55  5:41  Probe  
  55  5:43  Probe  
  55  5:45  Disruptor  
  60  5:51  Pylon  
  60  5:52  Probe  
  60  5:55  Probe  
  58  6:21  Probe  
  58  6:22  Probe  
  60  6:31  Probe  
  60  6:34  Probe  
  60  6:41  Adept x3  
  66  6:47  Probe  
  66  6:48  Probe  
  66  6:51  Assimilator  
  66  6:53  Assimilator  
  68  7:02  Disruptor  
  68  7:03  Twilight Council, Pylon  
  68  7:05  Nexus  
  71  7:16  Robotics Facility  
  71  7:30  Probe  
  71  7:31  Probe  
  71  7:34  Protoss Ground Weapons Level 1 (Chrono Boost)  
  73  7:38  Forge  
  73  7:42  Gateway  
  73  7:43  Probe, Gateway  
  73  7:44  Probe  
  73  7:46  Gateway  
  75  8:10  Photon Cannon  
  75  8:12  Photon Cannon  
  75  8:16  Photon Cannon  
  74  8:40  Disruptor x2  
  80  8:42  Charge (Chrono Boost)  
  80  8:45  Protoss Ground Armor Level 2 (Chrono Boost)  
  80  8:47  Gravitic Drive  
  80  9:19  Photon Cannon  
  80  9:22  Photon Cannon  
  80  9:23  Protoss Ground Weapons Level 2 (Chrono Boost)  
  80  9:24  Warp Prism  
  80  9:29  Probe  
  80  9:30  Probe, Pylon  
  80  9:31  Probe, Assimilator  
  84  9:34  Zealot  
  84  9:35  Zealot x5  
  90  10:13  Disruptor x2  
  96  10:23  Assimilator  
  96  10:28  Stalker x3  
  96  10:29  Stalker  
  96  10:30  Zealot x2  
  108  11:00  Pylon  
  102  11:38  Zealot x3  
  102  11:39  Zealot x3  
  114  12:06  Nexus  
Show
View Real Time Build Order
Export as new Build Order

WarHammer Terran 

Build Orders: Reaper Expand, MMM Bio 

Get SALT Encoding   

  12  0:01  SCV  
  13  0:13  SCV  
  14  0:19  Supply Depot  
  14  0:25  SCV  
  15  0:41  SCV  
  16  0:43  Barracks  
  16  0:53  SCV  
  16  0:56  Refinery  
  17  1:05  SCV  
  18  1:17  SCV  
  20  1:33  Orbital Command  
  20  1:38  Command Center  
  19  1:40  Reaper  
  20  1:52  Supply Depot  
  20  2:00  SCV  
  21  2:12  SCV  
  22  2:20  Barracks Reactor  
  22  2:24  SCV  
  22  2:27  Barracks  
  23  2:31  Barracks  
  23  2:51  SCV  
  23  3:03  Bunker  
  23  3:06  Marine x2  
  23  3:07  Bunker  
  25  3:16  Marine  
  25  3:18  Marine  
  27  3:24  Marine  
  27  3:25  SCV, Marine  
  28  3:34  Marine  
  28  3:36  Marine  
  30  3:42  SCV  
  30  3:46  Marine  
  30  3:47  Marine  
  33  3:52  Supply Depot, Marine  
  33  3:53  Marine  
  35  3:59  Supply Depot  
  35  4:01  Supply Depot  
  35  4:04  Marine x2  
  33  4:28  SCV  
  34  4:31  Barracks Tech Lab  
  34  4:32  Barracks Reactor  
  34  4:33  Marine x2  
  36  4:40  SCV  
  37  4:47  Bunker  
  37  4:50  Marine  
  37  4:52  SCV, Stimpack  
  39  4:57  Refinery  
  39  4:58  Factory  
  39  5:01  Marauder, Marine  
  39  5:04  Supply Depot  
  39  5:05  Supply Depot  
  42  5:10  Orbital Command  
  42  5:14  SCV  
  43  5:23  Marine x4  
  47  5:30  Marauder  
  47  5:32  SCV  
  50  5:44  Starport  
  50  5:46  Factory Reactor, Marine  
  50  5:47  Marine  
  52  5:54  SCV x2  
  44  6:27  SCV  
  44  6:28  SCV  
  44  6:41  SCV x2  
  44  6:44  Marine x4  
  50  6:52  Marauder  
  52  6:59  SCV x2  
  54  7:02  Medivac  
  54  7:04  Medivac  
  58  7:11  SCV  
  59  7:15  SCV  
  60  7:23  SCV, Refinery  
  60  7:24  Refinery  
  60  7:28  SCV  
  56  7:32  Medivac  
  56  7:34  Medivac  
  56  7:35  Marine x4  
  56  7:36  Marauder  
  66  7:41  SCV x2  
  68  7:53  SCV  
  68  7:54  SCV  
  68  7:58  Engineering Bay x2  
  65  8:01  Marine  
  65  8:02  Marine x3  
  65  8:03  Marauder  
  71  8:10  Medivac  
  71  8:11  Medivac  
  75  8:14  SCV  
  75  8:17  Combat Shields  
  76  8:22  SCV  
  76  8:26  SCV  
  73  8:35  SCV  
  74  8:44  Marine x4  
  74  8:45  Marauder  
  80  8:50  Barracks  
  80  8:53  SCV x2  
  80  8:54  Barracks  
  82  8:59  Supply Depot  
  82  9:01  Supply Depot  
  82  9:03  Supply Depot  
  82  9:08  Marine  
  82  9:09  Marine x3  
  86  9:14  Marauder  
  78  9:18  SCV x2  
  78  9:20  Terran Infantry Weapons Level 1, Terran Infantry Armor Level 1  
  80  9:26  Marine  
  80  9:27  Marine x3  
  80  9:30  Medivac  
  86  9:35  Marauder  
  88  9:38  Barracks Reactor  
  88  9:41  Barracks Tech Lab  
  88  9:46  Marine  
  88  9:47  Marine x3  
  92  9:57  Marauder  
  78  10:06  Marine x3  
  79  10:07  Marine  
  79  10:08  Marauder  
  79  10:13  Medivac  
  79  10:14  Medivac  
  86  10:17  Armory  
  86  10:18  Marauder  
  88  10:30  Marine x4  
  88  10:31  Marine x2  
  88  10:32  Marauder  
  96  10:58  Command Center  
  96  11:02  Marine x4  
  98  11:10  Marine x2  
  98  11:11  Marine  
  65  11:24  Marine x4  
  65  11:25  Marauder  
  69  11:28  Marine  
  69  11:29  Marine x2  
  71  11:42  Marine x3  
  71  11:46  Marauder  
  76  11:47  Marauder, Medivac x2  
Tags
 
Composition
MMM Bio
League
Gold
Matchup
PvT
Add a new tag
Caveats
  • Supply blocks, unpowered buildings, or Contaminate may cause inaccurate times.
  • Supply counts are checked every 10 seconds.